 Dungeon Crawl Stone Soup version 0.30-a0-459-g9104f0fc43 (webtiles) character file.

Game seed: 12250521725955731919

210 funkygono the Firebug (level 5, -7/36 HPs)
             Began as a Demonspawn Fire Elementalist on Dec 15, 2022.
             Mangled by a phantom (9 damage)
             ... on level 4 of the Dungeon.
             The game lasted 00:05:48 (3253 turns).

funkygono the Firebug (DsFE)                        Turns: 3253, Time: 00:05:49

Health: -7/36      AC:  9    Str:  9    XL:     5   Next: 56%
Magic:  0/9        EV: 12    Int: 18    God:
Gold:   252        SH:  0    Dex: 13    Spells: 4/10 levels left

rFire   . . .      SeeInvis .    t - +0 hammer (chaos)
rCold   . . .      Faith    .    (no shield)
rNeg    . . .      Spirit   .    o - +0 robe {Will+}
rPois   .          Reflect  .    e - +0 helmet
rElec   .          Harm     .    s - +2 cloak {rCorr}
rCorr   +          Rampage  .    (no gloves)
Will    +....                    b - +0 pair of boots
Stlth   ++........               (no amulet)
HPRegen 0.26/turn                (no ring)
MPRegen 0.11/turn                (no ring)

@: very slightly contaminated
A: claws 1, molten scales 1, powered by pain 1
a: no special abilities


You were on level 4 of the Dungeon.
You visited 1 branch of the dungeon, and saw 4 of its levels.

You collected 252 gold pieces.

Inventory:

Hand Weapons
 r - a +2 quarterstaff of chaos
 t - a +0 hammer of chaos (weapon)
Armour
 b - a +0 pair of boots (worn)
 e - a +0 helmet (worn)
 o - a +0 robe of willpower (worn)
 s - a +2 cloak of preservation (worn)
Scrolls
 i - 2 scrolls of blinking
 k - a scroll of fear
Potions
 c - a potion of curing
 f - a potion of might
 g - a potion of haste {unknown}
 h - a potion of heal wounds
 j - a potion of ambrosia {unknown}
 l - a potion of brilliance
 n - a potion of mutation {unknown}


   Skills:
 + Level 0.3 Fighting
 + Level 0.1 Maces & Flails
 + Level 2.1 Dodging
 - Level 1.7 Stealth
 + Level 3.0 Spellcasting
 + Level 2.6 Conjurations
 + Level 4.4 Fire Magic


You had 4 spell levels left.
You knew the following spells:

 Your Spells              Type           Power      Damage    Failure   Level
a - Foxfire               Conj/Fire      60%        2x1d7     3%          1
b - Scorch                Fire           36%        2d6       4%          2
c - Kindle Blastsparks    Fire/Tloc/Air  16%        2d11      26%         3

Your spell library contained the following spells:

 Spells                   Type           Power      Damage    Failure   Level
 Inner Flame              Hex/Fire       10%        N/A       21%         3
 Flame Wave               Conj/Fire      15%        2d7       36%         4
 Ozocubu's Armour         Ice            2%         N/A       43%         3
 Ozocubu's Refrigeration  Ice            1%         4d7       100%        7


Dungeon Overview and Level Annotations

Branches:
Dungeon (4/15)
 Temple: D:4-7

Altars:
Trog

Portals:
Ossuary: D:4


Innate Abilities, Weirdness & Mutations

You have sharp fingernails.
You are partially covered in molten scales. (AC +2)
You sometimes gain a little power by taking damage.


Message History

The phantom hits you. x2
You hit the phantom.
The phantom seems to grow stronger.
The phantom is heavily damaged.
The phantom hits you.
The phantom blinks!
You blink.
Found a stone staircase leading up.
The phantom barely misses you. The phantom attacks as you move away!
The phantom closely misses you. The phantom barely misses you.
You hit the phantom.
The phantom is heavily damaged.
The phantom hits you!
The phantom blinks!
You blink.
The phantom hits you!
The phantom blinks!
You blink.
You closely miss the phantom.
The phantom is heavily damaged.
The phantom hits you.
The phantom blinks!
You blink.
The phantom closely misses you.
You closely miss the phantom.
The phantom is heavily damaged.
The phantom hits you but does no damage.
The phantom closely misses you.
You barely miss the phantom.
The phantom is heavily damaged.
The phantom hits you.
* * * LOW HITPOINT WARNING * * *
The phantom hits you!
* * * LOW HITPOINT WARNING * * *
You hear the slow hiss of an avalanche of sand very nearby.
The phantom hits you but does no damage.
The phantom hits you.
* * * LOW HITPOINT WARNING * * *
Casting: Foxfire (safe; 3% risk of failure)
Confirm with . or Enter, or press ? or * to list all spells.
You miscast Foxfire.
You are very lightly contaminated with residual magic.
Nothing appears to happen.
The phantom hits you but does no damage.
Unknown command.
Casting: Foxfire (safe; 3% risk of failure)
Confirm with . or Enter, or press ? or * to list all spells.
You conjure some foxfire!
The phantom hits you!
You die...
P.....~~~...##§..≈# PP.

♣...♣.~(♣...###.≈#
♣P.♣♣...............§#
...................≈#
.........$../###.#.≈≈
#..............#....
#............∩.##...
##..v.<........#....
##.@........####....
#.Wv..##...... ...P
##<...###...... ..P
#.##.##......#. P
#.............#
...#........... #... .
..#.... ....#
#........ . .##....


You could see a phantom (fast, strong, ally target).

Vanquished Creatures
  Crazy Yiuf (D:2)
  Jessica (D:3)
  Terence (D:1)
  An iguana (D:3)
  2 adders (D:2)
  2 worm zombies (D:4)
  A worm (D:2)
  A dart slug (D:2)
  An orc (D:3)
  8 ball pythons
  7 bats
  11 endoplasms
  2 giant cockroaches (D:3)
  5 goblins
  5 hobgoblins
  7 jackals
  2 quokkas
  5 frilled lizards
  8 rats
  A rat zombie (D:4)
72 creatures vanquished.

Vanquished Creatures (others)
  217 foxfires
217 creatures vanquished.

Grand Total: 289 creatures vanquished

Notes
Turn   | Place    | Note
-------+----------+-------------------------------------------
     0 | D:1      | funkygono the Demonspawn Fire Elementalist began the quest
                  | for the Orb.
     0 | D:1      | Reached XP level 1. HP: 13/13 MP: 3/3
   197 | D:1      | Reached skill level 3 in Fire Magic
   255 | D:1      | Gained mutation: You have sharp fingernails. [demonic
                  | ancestry]
   255 | D:1      | Reached XP level 2. HP: 19/19 MP: 1/5
   258 | D:1      | Learned a level 2 spell: Scorch
   829 | D:2      | Gained mutation: You sometimes gain a little power by
                  | taking damage. [demonic ancestry]
   829 | D:2      | Reached XP level 3. HP: 24/24 MP: 0/6
  1005 | D:2      | Found a faded altar of an unknown god.
  1169 | D:2      | Learned a level 3 spell: Kindle Blastsparks
  1513 | D:2      | Noticed Terence
  1569 | D:1      | Killed Terence
  1570 | D:1      | Gained mutation: You are partially covered in molten
                  | scales. (AC +2) [demonic ancestry]
  1570 | D:1      | Reached XP level 4. HP: 7/30 MP: 2/7
  1681 | D:2      | Found a runed translucent door.
  1682 | D:2      | Noticed Crazy Yiuf
  1840 | D:2      | You fall into a shaft and drop 1 floor!
  2031 | D:2      | Killed Crazy Yiuf
  2032 | D:2      | Reached skill level 4 in Fire Magic
  2317 | D:3      | Found a faded altar of an unknown god.
  2384 | D:3      | Reached XP level 5. HP: 35/35 MP: 7/9
  2716 | D:3      | Noticed Jessica
  2720 | D:3      | Killed Jessica
  3207 | D:4      | Found a sand-covered staircase.
  3208 | D:4      | Found a bloodstained altar of Trog.
  3233 | D:4      | Noticed a phantom
  3253 | D:4      | Mangled by a phantom

Illustrated notes

Levels and vault maps discovered:
D:1:      dpeg_chamrin_arrival_tetris, layout_rooms
D:2:      layout_rooms, hellmonk_ecumenical_altar_lost_god, uniq_terence,
          uniq_crazy_yiuf_cottage
D:3:      layout_basic, nicolae_overflow_ecumenical_swirl, minmay_distorted,
          uniq_jessica
D:4:      layout_cave_pools, lightli_temple_of_fire, enter_ossuary_3,
          serial_park, serial_park_square2, serial_park_square1
          [serial_park_minivault_5x5_1], serial_park_paths
          [serial_park_minivault_5x5_2], serial_park_square2,
          grunt_decor_clamped, uniq_sigmund

Skill      XL: |  1  2  3  4  5 |
---------------+----------------+-----
Fire Magic     | 3 4 |  4.4
Dodging        | 2 |  2.1
Conjurations   | 2 |  2.6
Spellcasting   | 3 |  3.0
Fighting       | |  0.3
Maces & Flails | |  0.1
Stealth        | |  1.7

Action                   |  1- 3 |  4- 6 || total
-------------------------+-------+-------++-------
Melee: Club              |     5 |     5 ||    10
       Mace              |       |    10 ||    10
 Cast: Foxfire           |    73 |    53 ||   126
       Scorch            |     5 |     8 ||    13
  Use: Potion            |     1 |       ||     1
       Scroll            |       |    14 ||    14
Armor: Robe              |     4 |     3 ||     7
Dodge: Dodged            |    12 |    10 ||    22

Table legend: (Time is in decaauts)
 A = Elapsed time spent in this place.
 B = Non-inter-level travel time spent in this place.
 C = Inter-level travel time spent in this place.
 D = Time resting spent in this place.
 E = Time spent auto-exploring this place.
 F = Levels seen in this place.
 G = Mean time per level.
                   A        B        C        D        E       F      G
               +--------+--------+--------+--------+--------+-----+--------+
         Total |   3259 |   3160 |     99 |    205 |   2430 |   4 |  814.8 |
       Dungeon |   3259 |   3160 |     99 |    205 |   2430 |   4 |  814.8 |
               +--------+--------+--------+--------+--------+-----+--------+

Top non-repeatable levels by time:
     D:2: 1217 daAuts
     D:3: 1055 daAuts
     D:1: 884 daAuts
     D:4: 102 daAuts
